 Dungeon Crawl Stone Soup version 0.18.1-6-gd335043 (webtiles) character file.

2888 Chiseanne the Covert (level 9, -3/61 HPs)
             Began as a Spriggan Hunter on May 20, 2016.
             Was a Believer of Okawaru.
             Slain by a yak (6 damage)
             ... on level 9 of the Dungeon.
             The game lasted 00:18:52 (4257 turns).

Chiseanne the Covert (Spriggan Hunter)              Turns: 4257, Time: 00:18:53

Health: -3/61      AC: 24    Str: 11    XL:     9   Next: 48%
Magic:  11/14      EV:  4    Int: 15    God:    Okawaru [**....]
Gold:   292        SH:  0    Dex: 24    Spells: 1 memorised, 13 levels left

rFire  . . .     SeeInvis +     a - +3 short sword of the Sugar Beet {pierce, Int+4}
rCold  . . .     Gourm    .     (armour currently unavailable)
rNeg   + + +     Faith    .     (shield restricted)
rPois  +         Spirit   .     (helmet currently unavailable)
rElec  .         Dismiss  .     (cloak currently unavailable)
rCorr  .         Reflect  .     (gloves unavailable)
SustAt .         Harm     .     (boots unavailable)
MR     +....     NoTele   +     (no amulet)
Stlth  ++++++++++               (no ring)
                                l - +5 ring of dexterity

@: mighty, tree-form (expiring), heroism, somewhat resistant to hostile
enchantments, uncannily stealthy
A: unfitting armour, (horns 0), see invisible, (deformed body), dopey 1,
herbivore 3, (speed 0), low mp 1, slow metabolism 2, weak 1
a: Heroism, Renounce Religion


You were on level 9 of the Dungeon.
You worshipped Okawaru.
Okawaru was pleased with you.
You were full.
You were a tree.
You visited 1 branch of the dungeon, and saw 9 of its levels.

You collected 292 gold pieces.

Inventory:

Hand Weapons
 a - the +3 short sword of the Sugar Beet (weapon) {pierce, Int+4}
   (You found it on level 4 of the Dungeon)

   It inflicts extra damage upon your enemies.
   It affects your intelligence (+4).
 s - a +3 hand axe of freezing
 w - a +1 hand crossbow
Missiles
 d - 37 bolts
 e - 88 sling bullets
 g - 198 stones (quivered)
 k - 2 tomahawks
 r - 75 arrows
 t - 39 poisoned needles
Armour
 c - a +0 robe (melded)
 q - a +1 cloak (melded)
Jewellery
 l - a +5 ring of dexterity (left branch)
Wands
 b - a wand of enslavement (13/24)
 p - a wand of iceblast (8/15)
 y - a wand of acid (9/15)
Scrolls
 j - 4 scrolls of identify
 n - a scroll of immolation
 o - 3 scrolls of recharging
 z - 2 scrolls of fear
Potions
 h - 2 potions of lignification
Books
 m - a book of Annihilations

   Spells                             Type                      Level
   a - Poison Arrow                   Conjuration/Poison           6
   b - Chain Lightning                Conjuration/Air              8
   c - Lehudib's Crystal Spear        Conjuration/Earth            8
   d - Glaciate                       Conjuration/Ice              9
   e - Fire Storm                     Conjuration/Fire             9
 x - a book of Air

   Spells                             Type                      Level
   a - Shock                          Conjuration/Air              1
   b - Swiftness                      Charms/Air                   2
   c - Repel Missiles                 Charms/Air                   2
   d - Static Discharge               Conjuration/Air              3
   e - Lightning Bolt                 Conjuration/Air              5
Comestibles
 f - 2 bread rations


   Skills:
 + Level 1.5(6.5) Fighting
 - Level 5.0(10.0) Short Blades
 - Level 5.3(10.3) Crossbows
 - Level 8.9(13.9) Dodging
 - Level 13.4(18.4) Stealth
 - Level 3.6 Spellcasting
 - Level 4.3 Charms


You had 13 spell levels left.
You knew the following spells:

 Your Spells              Type           Power        Failure   Level  Hunger
a - Repel Missiles        Chrm/Air       #.....       12%         2    ##.....


Dungeon Overview and Level Annotations

Branches:
Dungeon (9/15)             Temple (0/1) D:7            Lair (0/8) D:9
    Orc: D:9-12

Altars:
Fedhas
Kikubaaqudgha
Nemelex Xobeh
Okawaru
Pakellas
Sif Muna
Trog
Zin

Annotations:
D:3 DEFE's ghost, amateur DrFi


Innate Abilities, Weirdness & Mutations

You are tiny and cannot use many weapons and most armour.
You have supernaturally acute eyesight.
You are a herbivore.
((You cover ground extremely quickly.))
You need consume almost no food.
((You have a pair of small horns on your head.))
((Armour fits poorly on your strangely shaped body.))
You are dopey. (Int -2)
Your magical capacity is low (-10% MP).
You are weak. (Str -2)


Message History

You puncture the yak!
The yak is severely wounded.
Your transformation is almost over.
The yak gores you.
* * * LOW HITPOINT WARNING * * *
An orc comes into view. It is wielding a club.
The orc shouts!
You puncture the yak!
You kill the yak!
Okawaru accepts your kill.
Your Charms skill increases to level 4!
You gain the combat prowess of a mighty hero.
You feel slightly less full. The yak barely misses you.
You closely miss the yak. The yak gores you but does no damage.
You puncture the yak!
The yak is moderately wounded.
You barely miss the yak.
The yak is moderately wounded.
The yak gores you.
You die...

#......................
.......=............#.# ####
........)............# ##..
................. ####..#
............!.#.. #.###.##
.........YY....#. ###.......
.........Y..###. #.##......
............# ### ##<.......
............###♣# ###.†.......
..............Y## ##..#.......#
..................##.####.......
...................##.....#....P
.............o.....#.###......P
..................###


.PP.P.PP ................#.. P..P.PP. ................## .P.PP.P
................ P..PrP. You could see a yak and an orc.

Vanquished Creatures
  A hill giant (D:8)
  2 yaks (D:9)
  Eustachio (D:4)
  Sigmund (D:2)
  A wyvern (D:8)
  A hippogriff (D:9)
  A hungry ghost (D:7)
  An orc warrior (D:6)
  2 ice beasts (D:9)
  3 ogres
  A giant frog (D:6)
  A scorpion (D:5)
  3 crimson imps
  A giant frog zombie (D:8)
  An orc wizard (D:9)
  2 hounds
  A gnoll shaman (D:8)
  4 orc priests
  3 centaur skeletons
  An iguana (D:5)
  3 worker ants
  Natasha (D:4)
  A killer bee zombie (D:8)
  A hound skeleton (D:4)
  A worker ant zombie (D:9)
  7 gnolls
  5 adders
  A shadow imp (D:7)
  2 adder zombies (D:6)
  2 worms
  2 dart slugs
  2 giant geckos
  7 orcs
  3 ball pythons
  A giant cockroach (D:4)
  4 goblins
  2 hobgoblins (D:1)
  3 jackals (D:3)
  2 quokkas (D:2)
  4 bats
  2 giant gecko skeletons
  7 giant newts
  5 kobolds
  4 rats
104 creatures vanquished.

Vanquished Creatures (others)
  A boulder beetle (D:3)
  A bush (D:3)
2 creatures vanquished.

Grand Total: 106 creatures vanquished

Notes
Turn   | Place    | Note
--------------------------------------------------------------
     0 | D:1      | Chiseanne the Spriggan Hunter began the quest for the Orb.
     0 | D:1      | Reached XP level 1. HP: 10/10 MP: 2/2
     6 | D:1      | Noticed a polar bear
     6 | D:1      | Noticed a redback
     6 | D:1      | Noticed a lindwurm
     7 | D:1      | Noticed a rime drake
   117 | D:1      | Reached XP level 2. HP: 14/14 MP: 3/3
   383 | D:2      | Reached skill level 2 in Stealth
   389 | D:2      | Noticed Sigmund
   420 | D:2      | Killed Sigmund
   420 | D:2      | Reached skill level 5 in Crossbows
   420 | D:2      | Reached skill level 4 in Stealth
   420 | D:2      | Reached XP level 3. HP: 18/18 MP: 4/4
   420 | D:2      | Reached XP level 4. HP: 22/22 MP: 5/5
   420 | D:2      | Reached XP level 5. HP: 25/25 MP: 6/6
   603 | D:3      | Noticed DEFE's ghost (amateur DrFi)
   759 | D:3      | Found an oddly glowing altar of Pakellas.
   760 | D:3      | Noticed a boulder beetle
   781 | D:3      | Killed a boulder beetle
   846 | D:4      | Found a deep blue altar of Sif Muna.
   851 | D:4      | Got a dazzling short sword
   853 | D:4      | Identified the +3 short sword of the Sugar Beet {pierce, Int+4} (You found it on level 4 of the Dungeon)
   878 | D:4      | Reached skill level 5 in Stealth
   895 | D:4      | Noticed Eustachio
   934 | D:4      | Killed Eustachio
   934 | D:4      | Reached skill level 5 in Dodging
   934 | D:4      | Reached skill level 6 in Stealth
   934 | D:4      | Reached XP level 6. HP: 13/30 MP: 7/7
  1184 | D:4      | Reached skill level 7 in Stealth
  1233 | D:4      | Found a blossoming altar of Fedhas.
  1234 | D:4      | Found an ancient bone altar of Kikubaaqudgha.
  1539 | D:4      | Noticed Natasha
  1548 | D:4      | Killed Natasha
  1891 | D:5      | Entered Level 5 of the Dungeon
  1959 | D:5      | Reached skill level 1 in Short Blades
  1959 | D:5      | Reached skill level 8 in Stealth
  1959 | D:5      | Reached XP level 7. HP: 33/33 MP: 8/8
  2169 | D:5      | Gained mutation: You have a pair of small horns on your head. [potion of mutation]
  2169 | D:5      | Gained mutation: You are dopey. (Int -2) [potion of mutation]
  2169 | D:5      | Gained mutation: Armour fits poorly on your strangely shaped body. [potion of mutation]
  2373 | D:5      | Reached skill level 9 in Stealth
  2498 | D:6      | Found an iron altar of Okawaru.
  2618 | D:6      | Became a worshipper of Warmaster Okawaru
  2626 | D:6      | Found a glowing silver altar of Zin.
  2642 | D:6      | Reached XP level 8. HP: 36/37 MP: 9/9
  2676 | D:6      | Gained mutation: You are weak. (Str -2) [potion of mutation]
  2676 | D:6      | Gained mutation: Your magical capacity is low (-10% MP). [potion of mutation]
  2749 | D:6      | Found a sparkling altar of Nemelex Xobeh.
  2752 | D:6      | Found a bloodstained altar of Trog.
  2774 | D:6      | Reached skill level 10 in Stealth
  2973 | D:7      | Reached skill level 5 in Short Blades
  3253 | D:7      | Found a staircase to the Ecumenical Temple.
  3350 | D:8      | Reached skill level 11 in Stealth
  3608 | D:8      | Noticed a hill giant
  3755 | D:8      | Killed a hill giant
  3755 | D:8      | Reached * piety under Okawaru
  3755 | D:8      | Reached skill level 12 in Stealth
  3755 | D:8      | Reached XP level 9. HP: 41/41 MP: 9/9
  3795 | D:8      | Learned a level 2 spell: Repel Missiles
  3970 | D:8      | Reached skill level 1 in Spellcasting
  4007 | D:8      | Reached skill level 1 in Charms
  4054 | D:9      | Noticed a white ugly thing
  4085 | D:9      | Found a staircase to the Lair.
  4136 | D:9      | Reached skill level 13 in Stealth
  4249 | D:9      | Reached ** piety under Okawaru
  4252 | D:9      | HP: 2/61 [yak (3)]
  4257 | D:9      | Slain by a yak

Skill      XL: |  1  2  3  4  5  6  7  8  9 |
---------------+----------------------------+-----
Stealth        | 4 6 8 9 12 13 | 13.4
Crossbows      | 5 |  5.3
Dodging        | 4 5 6 7 8 |  8.9
Short Blades   | 1 4 5 |  5.0
Spellcasting   | 3 |  3.6
Charms         | 4 |  4.3
Fighting       | |  1.5

Action                   |  1- 3 |  4- 6 |  7- 9 || total
-------------------------+-------+-------+-------++-------
Melee: Short sword       |       |    21 |   144 ||   165
       Headbutt          |       |       |    20 ||    20
       Punch             |       |       |     2 ||     2
       Hand axe          |       |       |     1 ||     1
 Fire: Hand crossbow     |    35 |    51 |    99 ||   185
Invok: Heroism           |       |       |     3 ||     3
  Use: Scroll            |       |     6 |    10 ||    16
       Potion            |       |       |    14 ||    14
 Stab: Sleeping          |       |     4 |    19 ||    23
       Distracted        |       |     1 |       ||     1
  Eat: Bread ration      |       |       |     1 ||     1
       Pizza             |       |       |     1 ||     1
Armor: Robe              |       |     2 |     3 ||     5
       Skin              |       |       |    14 ||    14
Dodge: Dodged            |     6 |    34 |    89 ||   129
